 Dungeon Crawl Stone Soup version 0.31-a0-271-gb88eb75e06 (webtiles) character file.

Game seed: 11969497004945127377

240 Iniera the Ducker (level 6, -1/39 HPs)
             Began as a Kobold Monk on July 14, 2023.
             Slain by a gnoll
             ... wielding a +0 spear
              (8 damage)
             ... on level 4 of the Dungeon.
             The game lasted 00:03:29 (3661 turns).

Iniera the Ducker (Kobold Monk)                     Turns: 3661, Time: 00:03:29

Health: -1/39      AC:  3    Str:  8    XL:     6   Next: 30%
Magic:  6/6        EV: 23    Int: 11    God:
Gold:   129        SH:  0    Dex: 20    Spells: 5/5 levels left

rFire   . . .        n - +0 long sword
rCold   . . .        d - orb {light}
rNeg    . . .        b - +0 robe
rPois   .            (no helmet)
rElec   .            (no cloak)
rCorr   .            j - +0 pair of gloves
SInv    .            (no boots)
Will    .....        (no amulet)
Stlth   +            a - +5 ring of evasion
HPRegen 0.26/turn    (no ring)
MPRegen 0.10/turn

%: no passive effects
@: glowing
A: small, no large weapons, nightstalker 3
a: no special abilities


You were on level 4 of the Dungeon.
You visited 1 branch of the dungeon, and saw 4 of its levels.

You collected 129 gold pieces.

Inventory:

Hand Weapons
 n - a +0 long sword (weapon)
Missiles
 h - a poisoned dart (quivered)
Armour
 b - a +0 robe (worn)
 d - an orb of light (worn)
 j - a +0 pair of gloves (worn)
Jewellery
 a - a +5 ring of evasion (left hand)
Scrolls
 e - 2 scrolls of identify {unknown}
 g - a scroll of fear {unknown}
 k - a scroll of immolation {unknown}
 p - a scroll of fog {unknown}
Potions
 c - a potion of ambrosia
 f - 3 potions of curing {unknown}
 i - a potion of berserk rage {unknown}
 l - a potion of haste {unknown}
 m - a potion of heal wounds {unknown}
 o - a potion of cancellation {unknown}
 q - a potion of attraction {unknown}


   Skills:
 + Level 4.6 Fighting
 + Level 3.4 Long Blades
 * Level 6.1 Dodging


You had 5 spell levels left.
You didn't know any spells.
Your spell library contained the following spells:

 Spells                   Type           Power      Damage    Failure   Level
 Sublimation of Blood     Necr           0%         N/A       47%         2
 Wereblood                Tmut           0%         N/A       47%         2
 Dazzling Flash           Conj/Hex       0%         N/A       71%         3
 Agony                    Necr           0%         N/A       100%        5
 Silence                  Hex/Air        0%         N/A       100%        5
 Summon Hydra             Summ           0%         N/A       100%        7


Dungeon Overview and Level Annotations

Branches:
Dungeon (4/15)
 Temple: D:4-7

Altars:
Dithmenos

Shops:
D:1 (   D:3 :


Innate Abilities, Weirdness & Mutations

You are small and have problems with some larger weapons.
You are completely attuned to the shadows.


Message History

The gnoll barely misses you.
You throw a poisoned dart. The poisoned dart hits the gnoll.
The gnoll is severely wounded.
The gnoll misses you. The gnoll hits you with a +0 club.
The gnoll hits you with a +0 flail! The gnoll misses you.
You are too injured to fight recklessly!
The gnoll attacks as you move away! The gnoll closely misses you.
The gnoll is no longer moving quickly.
You kill the gnoll!
The gnoll throws a throwing net.
The throwing net closely misses you. The gnoll attacks as you move away!
The gnoll completely misses you. The gnoll attacks as you move away!
The gnoll hits you with a +0 club. The gnoll attacks as you move away!
The gnoll hits you but does no damage. The gnoll attacks as you move away!
The gnoll completely misses you.
Throw: 4 darts (poison)
Press: ? - help, Q - select action Shift-Dir - straight line, f - gnoll
Aim: a gnoll, wielding a +0 club (haloed, 83% to hit)
You throw a poisoned dart.
The poisoned dart barely misses the gnoll.
The poisoned dart hits the gnoll.
The gnoll is poisoned.
The gnoll hits you with a +0 club.
Unknown command.
Throw: 3 darts (poison)
Press: ? - help, Q - select action Shift-Dir - straight line, f/p - gnoll
Aim: a gnoll, wielding a +0 club (haloed, 83% to hit)
You throw a poisoned dart. The poisoned dart hits the gnoll.
The gnoll is poisoned.
The gnoll hits you from afar with a +0 spear.
* * * LOW HITPOINT WARNING * * *
The gnoll hits you with a +0 club.
* * * LOW HITPOINT WARNING * * *
Unknown command.
Throw: 2 darts (poison)
Press: ? - help, Q - select action Shift-Dir - straight line, f/p - gnoll
Aim: a gnoll, wielding a +0 club (lightly wounded, poisoned, haloed, 83% to hit)
You throw a poisoned dart. The poisoned dart hits the gnoll.
The gnoll looks even sicker.
The gnoll is lightly wounded.
The gnoll hits you from afar with a +0 spear!
You die...

#......#.### ###.####..#. #P.
.... #.# #..#. ...##....
####.####..#. P.....####
#.........##..#.
####.......####.........##..#.
P.......................##..#.
.####......####.........##..#.
.......)..ggg@..............#.
..........>###.######.####>...
.#.............# #.# #..#.#
#.#..(.g....### #.#....... .
##.#..######## ##########
#(##.......# (.().).....#
....(......# ####.......#


You could see 3 gnolls.

Vanquished Creatures
  An ogre (D:4)
  A gnoll bouda (D:4)
  A gnoll (D:4)
  3 adders
  A worm (D:2)
  3 dart slugs (D:1)
  4 orcs (D:3)
  5 ball pythons
  4 bats
  4 endoplasms
  4 giant cockroaches
  6 hobgoblins
  4 jackals (D:1)
  6 quokkas
  3 frilled lizards
  7 goblins
  9 kobolds
  8 rats
74 creatures vanquished.

Notes
Turn   | Place    | Note
-------+----------+-------------------------------------------
     0 | D:1      | Iniera the Kobold Monk began the quest for the Orb.
     0 | D:1      | Reached XP level 1. HP: 14/14 MP: 1/1
   109 | D:1      | Reached XP level 2. HP: 19/19 MP: 2/2
   112 | D:1      | Reached skill level 4 in Dodging
   425 | D:1      | Reached XP level 3. HP: 22/23 MP: 3/3
   439 | D:1      | Found a faded altar of an unknown god.
   826 | D:1      | Found Zigasylo's Antique Weapon Shoppe.
  1646 | D:2      | Reached XP level 4. HP: 16/29 MP: 4/4
  2131 | D:2      | Reached skill level 5 in Dodging
  2638 | D:3      | Found Loupeohi's Book Boutique.
  2670 | D:3      | Found a shadowy altar of Dithmenos.
  2689 | D:3      | Reached XP level 5. HP: 29/33 MP: 5/5
  3321 | D:4      | Noticed an ogre
  3603 | D:4      | Killed an ogre
  3604 | D:4      | Reached XP level 6. HP: 39/39 MP: 6/6
  3644 | D:4      | Reached skill level 6 in Dodging
  3661 | D:4      | Slain by a gnoll

Illustrated notes

Levels and vault maps discovered:
D:1:      lightli_molten_gateway, layout_basic, serial_shops, shop,
          ebering_ecumenical_altar_webs
D:2:      layout_loops_corners, grunt_decor_arrowhead, nicolae_the_louvre
D:3:      layout_basic, lemuel_tele_altar, serial_shops, shop
D:4:      minmay_opposing_rooms, layout_rooms,
          minmay_temple_entry_gardened_gates, minmay_misc_feat_diagonals,
          hangedman_abyss_or_decor_stagger, uniq_sigmund

Skill      XL: |  1  2  3  4  5  6 |
---------------+-------------------+-----
Dodging        | 4 5 6 |  6.1
Fighting       | 4 |  4.6
Long Blades    | 3 |  3.4

Action                     |  1- 3 |  4- 6 || total
---------------------------+-------+-------++-------
  Melee: Falchion          |    89 |    53 ||   142
         Long sword        |       |    37 ||    37
  Throw: Dart              |       |    22 ||    22
   Stab: Sleeping          |     7 |     2 ||     9
         Distracted        |       |     1 ||     1
 Armour: Robe              |     9 |     8 ||    17
  Dodge: Dodged            |    96 |    77 ||   173

Table legend: (Time is in decaauts)
 A = Elapsed time spent in this place.
 B = Non-inter-level travel time spent in this place.
 C = Inter-level travel time spent in this place.
 D = Time resting spent in this place.
 E = Time spent auto-exploring this place.
 F = Levels seen in this place.
 G = Mean time per level.
                   A        B        C        D        E       F      G
               +--------+--------+--------+--------+--------+-----+--------+
         Total |   3692 |   3483 |    209 |     94 |   2873 |   4 |  923.0 |
       Dungeon |   3692 |   3483 |    209 |     94 |   2873 |   4 |  923.0 |
               +--------+--------+--------+--------+--------+-----+--------+

Top non-repeatable levels by time:
     D:1: 1260 daAuts
     D:2: 1230 daAuts
     D:3: 995 daAuts
     D:4: 205 daAuts
